Unix NetHack Version 5.0.0-0 post-release - last build Jun 10 2026 00:39:30 (3ee93aec679c4c4259841fe613dc97188e26a321,branch:main).

Game began 2026-06-27 03:44:09, ended 2026-06-29 06:03:58.

JohnDarcy, neutral male human Tourist

           ------..------                            -----
           |............|                            |...|
           |.....F...@..|       ###+################[....|
           |.<........V..########-------------       |[..|
           |.......[....|###### #.C.........C|       |...|
           -------.------  #    #|.....C.....|       |.>.|
                            #  ##|...-.--- ..|       -----
                           #####`....|.{.|   |
                              ## |..C|{.{|
                          ###### |...|.{.|
                           #     |...-----
             ------------###     .....
             |..........|#       |C....
             |.`........|#       -------
             |...%.......#
             ------------

JohnDarcy the Excursionist  St:12 Dx:15 Co:14 In:14 Wi:12 Ch:16  Neutral
Dlvl:6  $:0  HP:0(47) Pw:39(39) AC:3  Xp:7 T:4906  Burdened

Latest messages:
 The little dog bites!
 You stop.  Your little dog is in the way!
 The little dog just misses!
 The little dog bites!
 What do you want to throw? [aK or ?*] f
 In what direction? 8
 The little dog catches the tripe ration.
 Your little dog eats an uncursed tripe ration.
 The little dog bites!
 The little dog bites!
 You hear someone searching.
 You were wearing an uncursed ring called conflict (on left hand).
 What do you want to read? [hntFHILW or ?*] <space>
 Never mind.
 What do you want to eat? [bflpuSV or ?*] ?
 Blecch!  Rotten food!
 What do you want to eat? [bflpuSV or ?*] S
 This pancake is delicious!
 You finish eating the pancake.
 What do you want to zap? [orwGMX or ?*] ?
 In what direction? 4
 The vampire hits!
 The vampire bites!
 What do you want to use or apply? [corwxGJMNX or ?*] c
 In what direction? 4
 The vampire is blinded by the flash!
 The vampire hits!
 The vampire bites!
 What do you want to throw? [aK or ?*] a
 In what direction? 4
 The dart hits the vampire!
 The vampire hits!
 The vampire bites!
 The vampire hits!
 The vampire bites!
 What do you want to zap? [orwGMX or ?*] r
 In what direction? >
 You dig a hole through the floor.
 You fall through...
 The vampire hits!
 The vampire bites!
 What do you want to zap? [orwGMX or ?*] o
 The vampire hits!
 The vampire bites!
 You die...
 Do you want your possessions identified? [ynq] (y) y
 Do you want to see your attributes? [ynq] (y) y
 Do you want an account of creatures vanquished? [ynaq] (y) y
 Do you want to see your conduct and achievements? [ynq] (y) y
 Do you want to see the dungeon overview? [ynq] (y) y

Inventory:
 Weapons  (')')
  a - 3 +2 darts
  K - a +0 elven dagger
  m - a cursed -2 elven dagger (weapon in right hand)
 Armor    ('[')
  v - an uncursed +0 dwarvish iron helm (being worn)
  s - an uncursed +1 pair of iron shoes (being worn)
  k - an uncursed +0 elven shield (being worn)
 Comestibles  ('%')
  p - an uncursed clove of garlic
  V - 2 uncursed food rations
  l - an uncursed orange
  f - 5 uncursed tripe rations
  u - 2 uncursed lichen corpses
  b - an uncursed lizard corpse
 Scrolls  ('?')
  H - an uncursed scroll of blank paper
  t - an uncursed scroll of confuse monster
  n - an uncursed scroll of destroy armor
  W - 2 uncursed scrolls of earth
  F - an uncursed scroll of enchant weapon
  h - an uncursed scroll of identify
  I - an uncursed scroll of light
  L - a cursed scroll of remove curse
 Potions  ('!')
  i - 3 uncursed potions of extra healing
  Q - an uncursed potion of gain ability
  U - an uncursed potion of gain level
  O - 2 uncursed potions of healing
  R - an uncursed potion of monster detection
  e - 2 uncursed potions of sleeping
  Z - 2 uncursed potions of water
 Rings    ('=')
  D - an uncursed ring of conflict
  T - an uncursed ring of fire resistance
  C - a blessed +1 ring of gain strength
  P - an uncursed +1 ring of increase accuracy
  B - a blessed +1 ring of protection
  E - an uncursed +1 ring of protection
  Y - an uncursed ring of searching
  A - an uncursed ring of sustain ability
  q - an uncursed ring of teleport control
  y - an uncursed ring of warning
  z - an uncursed ring of warning
 Wands    ('/')
  G - a wand of cancellation (0:3)
  X - a wand of cold (0:2)
  M - a wand of digging (0:7)
  r - a wand of digging (0:2)
  o - a wand of stasis (0:1)
  w - a wand of striking (0:0)
 Tools    ('(')
  J - a cursed brass lantern
  c - an expensive camera (0:48)
  N - an uncursed leash
  x - an uncursed lock pick

JohnDarcy the Tourist's attributes:

Background:
 You were an Excursionist, a level 7 male human Tourist.
 You were neutral, on a mission for The Lady
 who was opposed by Blind Io (lawful) and Offler (chaotic).
 You were right-handed.
 You were in the Dungeons of Doom, on level 6.
 You entered the dungeon 4906 turns ago.
 There was a full moon in effect when your adventure ended.
 You had 1038 experience points, 242 more were needed to attain level 8.

Basics:
 You had 0 out of 47 hit points.
 You had all 39 energy points (spell power).
 Your armor class was 3.
 Your wallet was empty.
 Autopickup was off.

Final Characteristics:
 Your strength was 12 (limit:18/100).
 Your dexterity was 15 (limit:18).
 Your constitution was 14 (limit:18).
 Your intelligence was 14 (limit:18).
 Your wisdom was 12 (limit:18).
 Your charisma was 16 (limit:18).

Final Status:
 You weren't hungry.
 You were burdened; movement was slightly slowed.
 You were wielding a dagger.
 You were unskilled in dagger.

Final Attributes:
 You were piously aligned.
 You were telepathic.
 You were fast.
 You were lucky.
 You are dead.

Miscellaneous:
 You didn't encounter any bones levels.
 Total elapsed playing time was 1 hour, 19 minutes and 19 seconds.

Major events:
 Turn
    1: JohnDarcy the neutral male human Tourist entered the dungeon
  975: attained the rank of Sightseer (level 3)
 2823: attained the rank of Excursionist (level 6)
 2967: entered Sokoban
 3209: completed 1st Sokoban level
 3771: completed 2nd Sokoban level
 4745: entered the Gnomish Mines
 4906: killed by a vampire

You didn't know any spells.

Skills:
 Fighting Skills
   bare handed combat [Unskilled]
   two weapon combat  [Unskilled]
   riding             [Unskilled]
 Weapon Skills
   dagger             [Unskilled]
   knife              [Unskilled]
   axe                [Unskilled]
   pick-axe           [Unskilled]
   short sword        [Unskilled]
   broadsword         [Unskilled]
   long sword         [Unskilled]
   two-handed sword   [Unskilled]
   saber              [Unskilled]
   mace               [Unskilled]
   morning star       [Unskilled]
   flail              [Unskilled]
   hammer             [Unskilled]
   quarterstaff       [Unskilled]
   polearms           [Unskilled]
   spear              [Unskilled]
   trident            [Unskilled]
   lance              [Unskilled]
   bow                [Unskilled]
   sling              [Unskilled]
   crossbow           [Unskilled]
   dart               [Basic]
   shuriken           [Unskilled]
   boomerang          [Unskilled]
   whip               [Unskilled]
   unicorn horn       [Unskilled]
 Spellcasting Skills
   divination spells  [Unskilled]
   enchantment spells [Unskilled]
   escape spells      [Unskilled]

Voluntary challenges:
 Character rerolling was not enabled.
 You never genocided any monsters.
 You never polymorphed an object.
 You used no wishes.
 You violated the special Sokoban rules once.
Achievements:
 You entered a shop.
 You attained the rank of Sightseer.
 You attained the rank of Excursionist.
 You entered Sokoban.
 You entered the Gnomish Mines.

 The Dungeons of Doom: levels 1 to 9
    Level 1:
       A fountain.
    Level 2:
       Some fountains.
    Level 3:
       A ring shop, a fountain.
       Stairs down to The Gnomish Mines.
    Level 4:
       A fountain.
    Level 5:
       A potion shop, an altar.
    Level 6: <- You were here.
       Many fountains.
       Oracle of Delphi.
       Final resting place for
          you, killed by a vampire.
    Level 7:
       Stairs up to Sokoban, level 6.
    Level 8:
       A fountain.
    Level 9:
       An altar to The Lady.
 The Gnomish Mines:
    Level 4:
 Sokoban: levels 6 up to 5
    Level 5:
       Solved.
    Level 6:
       Solved.


Vanquished creatures:
 an elf mummy
  a quivering blob
  a leprechaun
  a lizard
  a housecat
  a rope golem
  a Woodland-elf
  a Mordor orc
  2 orc shamans
  a rock piercer
  a rock mole
  2 yellow lights
  a shrieker
  2 gnome leaders
 an elf zombie
  a paper golem
  2 giant ants
  2 floating eyes
  2 dwarves
  a kobold leader
  2 rothes
  2 rabid rats
  a giant bat
  a wererat
 an iguana
  a hobbit
  2 manes
  a large kobold
  3 hobgoblins
  a cave spider
  3 yellow molds
  a gnome
  4 garter snakes
  3 geckos
  4 jackals
  2 foxes
  3 goblins
  3 grid bugs
  3 lichens
  6 newts
73 creatures vanquished.

No species were genocided or became extinct.

Game over:
                       ----------
                      /          \
                     /    REST    \
                    /      IN      \
                   /     PEACE      \
                  /                  \
                  |    JohnDarcy     |
                  |       0 Au       |
                  |   killed by a    |
                  |     vampire      |
                  |                  |
                  |                  |
                  |       2026       |
                 *|     *  *  *      | *
        _________)/\\_//(\/(/\)/\//\/|_)_______

Aloha JohnDarcy the Tourist...

You died in The Dungeons of Doom on dungeon level 6 with 4690 points,
and 0 pieces of gold, after 4906 moves.
You were level 7 with a maximum of 47 hit points when you died.

